 Dungeon Crawl Stone Soup version 0.23.0-3-gf3c87f2 (webtiles) character file.

Game seed: 3246794784061690083

19105 xccam the Grappler (level 12, -17/186 HPs)
             Began as a Troll Monk on Feb 23, 2019.
             Demolished by a cyclops (28 damage)
             ... on level 12 of the Dungeon.
             The game lasted 00:21:27 (9758 turns).

xccam the Grappler (Troll Monk)                     Turns: 9758, Time: 00:21:27

Health: -17/186    AC:  8    Str: 29    XL:     12   Next: 33%
Magic:  11/11      EV: 15    Int:  6    God:
Gold:   740        SH:  0    Dex: 14    Spells: 11/11 levels left

rFire    . . .     SeeInvis .     - Unarmed
rCold    + . .     Gourm    +   (no shield)
rNeg     . . .     Faith    .   y - +0 troll leather armour
rPois    .         Spirit   .   (helmet restricted)
rElec    .         Reflect  .   (no cloak)
rCorr    .         Harm     .   (gloves unavailable)
MR       +....                  (boots unavailable)
Stlth    ..........             v - amulet of the acrobat
HPRegen  1.21/turn              w - ring of protection from magic
MPRegen  0.12/turn              n - ring of protection from cold

@: berserking, very quick
A: large, unfitting armour, claws 3, fast metabolism 3, gourmand, regeneration
1, shaggy fur 1, tough skin 3
a: no special abilities


You were on level 12 of the Dungeon.
You were very full.

You visited 2 branches of the dungeon, and saw 13 of its levels.

You collected 884 gold pieces.
You spent 144 gold pieces at shops.

Inventory:

Hand Weapons
 z - the +1 whip of Severance {speed, rC+ Str+5}
   (You took it off a skeletal warrior on level 8 of the Dungeon)

   Attacks with this weapon are significantly faster.
   It affects your strength (+5).
   It protects you from cold.
Armour
 y - a +0 troll leather armour (worn)
Jewellery
 c - an uncursed ring of resist corrosion
 n - a ring of protection from cold (right claw)
 o - an uncursed ring of protection from magic
 v - an amulet of the acrobat (around neck)
 w - a ring of protection from magic (left claw)
Wands
 r - a wand of flame (12)
 x - a wand of acid (6)
 D - a wand of random effects (10)
 F - a wand of paralysis (10)
Scrolls
 a - 3 scrolls of random uselessness
 d - 3 scrolls of magic mapping
 e - 3 scrolls of fog
 h - 8 scrolls of teleportation
 i - 4 scrolls of remove curse
 j - a scroll of immolation
 l - 2 scrolls of enchant armour {unknown}
 m - a scroll of amnesia {unknown}
 s - 2 scrolls of fear
 C - a scroll of identify
 E - a scroll of acquirement {unknown}
Potions
 f - a potion of brilliance {unknown}
 g - 2 potions of agility
 k - a potion of haste {unknown}
 p - a potion of flight
 q - 5 potions of curing
 t - a potion of ambrosia {unknown}
 u - 2 potions of degeneration
 A - a potion of resistance
 B - a potion of magic {unknown}
Comestibles
 b - 23 rations
 H - 5 chunks of flesh


   Skills:
 + Level 9.4 Fighting
 - Level 5.0 Maces & Flails
 + Level 4.2 Armour
 + Level 9.4 Dodging
 - Level 1.0 Stealth
 + Level 12.0 Unarmed Combat


You had 11 spell levels left.
You didn't know any spells.
Your spell library contained the following spells:

 Spells                   Type           Power        Failure   Level  Hunger
 Summon Small Mammal      Summ           #...         50%         1    ##.....
 Call Imp                 Summ           #.......     63%         2    ###....
 Corpse Rot               Necr           N/A          63%         2    ###....
 Call Canine Familiar     Summ           #.......     86%         3    ####...
 Stone Arrow              Conj/Erth      #.....       86%         3    ####...
 Summon Guardian Golem    Hex/Summ       #.......     86%         3    ####...
 Leda's Liquefaction      Hex/Erth       #.........   99%         4    #####..
 Summon Ice Beast         Ice/Summ       #.......     99%         4    #####..
 Summon Lightning Spire   Summ/Air       #.......     99%         4    #####..
 Summon Forest            Summ/Tloc      #.........   100%        5    ######.
 Hydra Form               Tmut           #.........   100%        6    #######
 Summon Hydra             Summ           #.........   100%        7    #######


Dungeon Overview and Level Annotations

Branches:
Dungeon (12/15)            Temple (1/1) D:6            Lair (0/6) D:8
    Orc (0/2) D:11

Altars:
Ashenzari
Cheibriados
Dithmenos
Elyvilon
Fedhas
Gozag
Hepliaklqana
Kikubaaqudgha
Makhleb
Nemelex Xobeh
Okawaru
Qazlal
Ru
Sif Muna
Trog
Uskayaw
Vehumet
Wu Jian
Xom
Yredelemnul
Zin
The Shining One

Shops:
D:11 *   D:12 (


Innate Abilities, Weirdness & Mutations

You are too large for most types of armour.
You have claws for hands.
Your metabolism is lightning-fast.
You like to eat raw meat.
Your natural rate of healing is unusually fast.
You are covered in fur. (AC +1)
You have extremely tough skin. (AC +3)


Message History

Unknown command.
You slip free of the water engulfing you.
You gasp with relief as air once again reaches your lungs.
The cyclops throws a large rock.
The large rock misses you.
You see here a large rock.
A red film seems to cover your vision as you go berserk!
You feel yourself moving faster!
You feel mighty! The water elemental barely misses you.
You claw the water elemental!
The water elemental is severely damaged.
The water elemental hits you!
* * * LOW HITPOINT WARNING * * *
The water elemental engulfs you in water!
You claw the water elemental!
You destroy the water elemental!
You gasp with relief as air once again reaches your lungs.
You mangle the cyclops!!
The cyclops is severely wounded.
The cyclops hits you!!
You die...

.........≈ ≈≈
.....$...#≈≈ ........(#.
.......... .........#
........!# ### #)#
##≈≈#######(# ##.
..≈≈≈≈.....@C###....
.≈≈≈≈≈≈#.........#
≈≈≈≈≈≈≈≈.###..##.#
≈≈≈≈≈≈≈≈.##....#.#
≈≈≈≈≈≈≈≈.≈#....#.# ..#
≈≈≈≈≈≈≈≈≈≈)..#...#. #..
≈≈≈≈≈≈≈≈≈≈≈≈.#..##..# #.#
≈≈≈≈≈≈≈)≈≈≈≈≈....#...##.#
≈≈≈≈≈≈≈)†≈≈≈≈≈...≈#..##.#


You could see a cyclops.

Vanquished Creatures
  Harold (D:11)
  The ghost of Terandir the Cleaver, a novice MiFi of Cheibriados (D:9)
  4 two-headed ogres
  A tengu warrior (D:9)
  A skeletal warrior (D:8)
  A deep elf mage (D:12)
  An oklob plant (D:9)
  An ugly thing (D:9)
  2 manticores
  2 cyclopes
  A kobold demonologist (D:9)
  3 slime creatures (D:10)
  A hornet (D:12)
  3 trolls
  2 hippogriffs
  Sigmund (D:5)
  2 water elementals (D:12)
  5 yaks (D:9)
  Eustachio (D:5)
  6 hungry ghosts
  4 vampire mosquitoes (D:12)
  Menkaure (D:5)
  2 water moccasins
  6 orc warriors
  2 ice beasts
  3 phantoms
  3 sky beasts
  5 ogres
  A black bear (D:10)
  A necrophage (D:7)
  A crocodile (D:12)
  6 centaurs
  A big kobold (D:10)
  7 bullfrogs
  4 scorpions
  A troll zombie (D:11)
  9 wights
  An electric eel (D:12)
  5 howler monkeys
  7 crimson imps
  3 quasits
  4 bullfrog zombies
  2 centaur zombies
  2 jellies
  8 hounds
  10 orc priests
  A bullfrog skeleton (D:11)
  An iguana (D:5)
  21 orc wizards
  17 worker ants
  7 ogre zombies (D:11)
  2 hound zombies (D:11)
  A worker ant zombie (D:5)
  4 gnolls (D:3)
  20 orc zombies
  13 adders
  2 shadow imps
  2 oozes
  3 adder zombies
  2 adder skeletons
  3 worms
  4 dart slugs
  3 leopard geckos
  64 orcs
  6 bats
  A giant cockroach (D:3)
  4 goblins
  A hobgoblin (D:2)
  12 jackals
  4 quokkas
  6 frilled lizards
  A goblin zombie (D:11)
  3 hobgoblin zombies (D:11)
  8 kobolds
  5 orc skeletons (D:11)
  A quokka skeleton (D:4)
  5 rats
  A rat zombie (D:3)
  A fungus (D:9)
  A plant (D:9)
369 creatures vanquished.

Vanquished Creatures (others)
  An orc (D:12)
  8 fungi (D:9)
  A plant (D:9)
10 creatures vanquished.

Grand Total: 379 creatures vanquished

Notes
Turn   | Place    | Note
-------+----------+-------------------------------------------
     0 | D:1      | xccam the Troll Monk began the quest for the Orb.
     0 | D:1      | Reached XP level 1. HP: 22/22 MP: 0/0
    93 | D:1      | Reached XP level 2. HP: 25/29 MP: 1/1
   282 | D:1      | Reached skill level 4 in Unarmed Combat
  1059 | D:2      | Reached XP level 3. HP: 32/36 MP: 2/2
  1071 | D:2      | Found an ornate altar of the Wu Jian Council.
  1490 | D:3      | Reached XP level 4. HP: 31/44 MP: 3/3
  1508 | D:3      | Reached skill level 5 in Unarmed Combat
  1576 | D:3      | Reached XP level 5. HP: 4/50 MP: 4/4
  1693 | D:3      | Found an ancient bone altar of Kikubaaqudgha.
  1766 | D:3      | Reached skill level 6 in Unarmed Combat
  2070 | D:4      | Reached XP level 6. HP: 42/59 MP: 5/5
  2506 | D:5      | Entered Level 5 of the Dungeon
  2506 | D:5      | Noticed Sigmund
  2519 | D:5      | Killed Sigmund
  2519 | D:5      | Reached XP level 7. HP: 53/67 MP: 6/6
  2594 | D:5      | Reached skill level 7 in Unarmed Combat
  2812 | D:5      | Noticed Menkaure
  2825 | D:5      | Killed Menkaure
  2828 | D:5      | Reached XP level 8. HP: 17/79 MP: 7/7
  3054 | D:5      | Noticed Eustachio
  3059 | D:5      | Killed Eustachio
  3142 | D:5      | Found a sparkling altar of Nemelex Xobeh.
  3352 | D:6      | Found a staircase to the Ecumenical Temple.
  3361 | D:6      | Reached skill level 8 in Unarmed Combat
  3363 | D:6      | Reached skill level 5 in Fighting
  3363 | D:6      | Reached skill level 5 in Dodging
  3380 | Temple   | Entered the Ecumenical Temple
  4068 | D:6      | Found a transporter.
  4094 | D:6      | Found a transporter.
  4453 | D:6      | Reached XP level 9. HP: 88/88 MP: 8/8
  4492 | D:6      | Found a deep blue altar of Sif Muna.
  4497 | D:6      | Found a hazy altar of Hepliaklqana.
  4785 | D:7      | Reached skill level 9 in Unarmed Combat
  5294 | D:8      | Found a staircase to the Lair.
  5717 | D:9      | Noticed Terandir's ghost (novice MiFi)
  5720 | D:9      | Found a runed translucent door.
  5738 | D:9      | Reached XP level 10. HP: 67/102 MP: 9/9
  5832 | D:9      | Killed Terandir's ghost
  5832 | D:9      | Reached skill level 10 in Unarmed Combat
  5893 | D:9      | Found a basalt altar of Yredelemnul.
  5916 | D:9      | Paralysed by a hornet for 3 turns
  6148 | D:9      | Noticed a manticore
  6160 | D:9      | Killed a manticore
  6174 | D:9      | Noticed a soul eater
  6314 | D:9      | Noticed a tengu warrior
  6344 | D:9      | Found a blossoming altar of Fedhas.
  6345 | D:9      | Noticed an oklob plant
  6346 | D:9      | Paralysed by a hornet for 1 turns
  6626 | D:9      | Noticed a brown ugly thing
  6645 | D:9      | Killed a brown ugly thing
  6659 | D:9      | Identified the +1 whip of Severance {speed, rC+ Str+5}
  6659 | D:9      | Noticed a skeletal warrior
  6769 | D:8      | Killed a skeletal warrior
  6769 | D:8      | Reached skill level 11 in Unarmed Combat
  6912 | D:9      | Reached skill level 1 in Maces & Flails
  6945 | D:9      | Reached XP level 11. HP: 106/111 MP: 10/10
  7237 | D:9      | Killed a tengu warrior
  7397 | D:9      | Killed an oklob plant
  7457 | D:10     | Entered Level 10 of the Dungeon
  7544 | D:10     | Reached skill level 5 in Maces & Flails
  7600 | D:10     | Noticed a two-headed ogre
  7614 | D:10     | Killed a two-headed ogre
  7614 | D:10     | Reached skill level 1 in Armour
  7776 | D:10     | HP: 3/113 [very large slime creature (58)]
  8432 | D:11     | Found a staircase to the Orcish Mines.
  8536 | D:11     | Noticed Harold
  8549 | D:11     | Killed Harold
  8552 | D:11     | Found Pine Eke's General Store.
  8582 | D:11     | Bought a scroll of fear for 59 gold pieces
  8582 | D:11     | Bought a potion of berserk rage for 85 gold pieces
  9079 | D:11     | Noticed a two-headed ogre
  9088 | D:11     | Killed a two-headed ogre
  9088 | D:11     | Reached XP level 12. HP: 74/123 MP: 11/11
  9216 | D:12     | Paralysed by a hornet for 2 turns
  9223 | D:12     | Paralysed by a hornet for 1 turns
  9336 | D:12     | Noticed a two-headed ogre
  9351 | D:12     | Killed a two-headed ogre
  9467 | D:12     | Noticed a two-headed ogre
  9536 | D:12     | Found Umerhyer's Weapon Shoppe.
  9701 | D:12     | Killed a two-headed ogre
  9701 | D:12     | Reached skill level 12 in Unarmed Combat
  9758 | D:12     | Demolished by a cyclops

Skill      XL: |  1  2  3  4  5  6  7  8  9 10 11 12 |
---------------+-------------------------------------+-----
Unarmed Combat | 4 5 6 7 8 9 11 12 | 12.0
Fighting       | 3 4 5 7 8 9 |  9.4
Dodging        | 3 4 5 6 8 9 |  9.4
Maces & Flails | 1 5 |  5.0
Armour         | 3 4 |  4.2
Stealth        | |  1.0

Action                   |  1- 3 |  4- 6 |  7- 9 | 10-12 || total
-------------------------+-------+-------+-------+-------++-------
Melee: Unarmed           |    76 |   146 |   324 |   674 ||  1220
       Punch             |       |     2 |    18 |    47 ||    67
Evoke: Wand              |       |       |       |     7 ||     7
  Use: Scroll            |       |       |    11 |     4 ||    15
       Potion            |       |       |     4 |     9 ||    13
 Stab: Sleeping          |     5 |     2 |     6 |       ||    13
  Eat: Chunk             |    13 |    11 |    37 |    45 ||   106
       Ration            |       |       |     3 |       ||     3
Armor: Robe              |    25 |    33 |    63 |    25 ||   146
       Troll leather arm |       |       |       |   110 ||   110
       Skin              |       |       |       |    12 ||    12
Dodge: Dodged            |    45 |    73 |   171 |   449 ||   738
